 Dungeon Crawl Stone Soup version 0.30.1-4-g462c640d31 (webtiles) character file.

Game seed: 16344409057059154955

416 Mune the Conjurer (level 6, -4/32 HPs)
             Began as a Gargoyle Fire Elementalist on Aug 20, 2023.
             Killed by divine providence
             ... invoked by an orc priest
              (15 damage)
             ... on level 4 of the Dungeon.
             The game lasted 00:07:59 (5191 turns).

Mune the Conjurer (Gargoyle Fire Elementalist)      Turns: 5191, Time: 00:07:59

Health: -4/32      AC: 10    Str: 16    XL:     6   Next: 92%
Magic:  1/9        EV: 11    Int: 17    God:
Gold:   262        SH:  0    Dex: 10    Spells: 2/9 levels left

rFire   . . .        p - +7 dagger of the Fulmar {pain, Fragile rElec Will++ Str+4}
rCold   . . .        (no shield)
rNeg    + . .        o - +0 steam dragon scales
rPois   ∞            (no helmet)
rElec   +            (no cloak)
rCorr   .            (no gloves)
SInv    .            t - +0 pair of boots
Will    ++...        (no amulet)
Stlth   ++           (no ring)
HPRegen 0.25/turn    (no ring)
MPRegen 0.11/turn

%: no passive effects
@: no status effects
A: sickness immunity, AC +4, negative energy resistance 1, electricity
resistance, torment resistance 1, petrification resistance
a: no special abilities


You were on level 4 of the Dungeon.
You visited 1 branch of the dungeon, and saw 4 of its levels.

You collected 262 gold pieces.

Inventory:

Hand Weapons
 p - the +7 dagger of the Fulmar (weapon) {pain, Fragile rElec Will++ Str+4}
   (You found it on level 3 of the Dungeon)

   Str:       It affects your strength (+4).
   rElec:     It insulates you from electricity.
   Fragile:   It will be destroyed if unequipped.
   Will:      It greatly increases your willpower.
Armour
 o - +0 steam dragon scales (worn)
 t - a +0 pair of boots (worn)
Wands
 s - a wand of polymorph (2)
 u - a wand of paralysis (8)
Scrolls
 d - 2 scrolls of noise {unknown}
 g - a scroll of poison {unknown}
 j - 2 scrolls of teleportation {unknown}
 k - a scroll of enchant armour {unknown}
 l - 9 scrolls of identify {unknown}
 q - a scroll of summoning {unknown}
 r - a scroll of amnesia {unknown}
 v - a scroll of magic mapping {unknown}
Potions
 a - a potion of berserk rage {unknown}
 b - 2 potions of magic
 c - 3 potions of brilliance {unknown}
 e - 2 potions of degeneration {unknown}
 f - a potion of attraction {unknown}
 h - a potion of ambrosia {unknown}
 i - a potion of mutation {unknown}
 m - a potion of lignification {unknown}
 n - a potion of might {unknown}


   Skills:
 - Level 1.5 Dodging
 - Level 2.2 Stealth
 - Level 2.0 Spellcasting
 + Level 7.6 Conjurations
 - Level 3.0 Fire Magic


You had 2 spell levels left.
You knew the following spells:

 Your Spells              Type           Power      Damage    Failure   Level
a - Foxfire               Conj/Fire      76%        2x1d7     2%          1
b - Scorch                Fire           22%        2d6       9%          2
c - Flame Wave            Conj/Fire      19%        2d7       22%         4

Your spell library contained the following spells:

 Spells                   Type           Power      Damage    Failure   Level
 Apportation              Tloc           2%         N/A       19%         1
 Inner Flame              Hex/Fire       6%         N/A       30%         3
 Volatile Blastmotes      Fire/Tloc      12%        2d11      30%         3
 Alistair's Intoxication  Tmut/Pois      0%         N/A       99%         5


Dungeon Overview and Level Annotations

Branches:
Dungeon (4/15)
 Temple: D:4-7

Altars:
Dithmenos
Okawaru

Shops:
D:1 *   D:3 (


Innate Abilities, Weirdness & Mutations

You are immune to sickness and miasma.
Your stone body is resilient. (AC +4)
You are immune to poison.
You resist negative energy. (rN+)
You are resistant to electric shocks. (rElec)
You are resistant to unholy torment.
You are immune to petrification.


Message History

A magic dart appears from out of thin air!
The magic dart hits you!
The orc priest looks encouraged for a moment.
You hit the orc.
You kill the orc!
The orc priest mumbles some strange prayers to Beogh against you.
Beogh smites you!
You hear some strange, mumbled words.
A magic dart appears from out of thin air!
The magic dart hits you.
You completely miss something.
The orc priest looks encouraged for a moment.
Casting: Scorch (safe; 9% risk of failure)
Confirm with . or Enter, or press ? or * to list all spells.
You conjure some foxfire!
The orc priest is no longer more vulnerable to fire.
The foxfire hits the orc.
The orc is moderately wounded.
Something hits you.
You closely miss something. Your punch misses something.
Something hits you but does no damage.
You miss something. The orc hits you but does no damage.
Something hits you but does no damage.
You hit something. The orc hits you but does no damage.
Something hits you but does no damage.
You puncture something!
Reactivating autopickup.
You feel a bit more experienced.
You barely miss the orc.
The orc is moderately wounded.
The orc misses you.
You hit the orc but do no damage.
The orc is moderately wounded.
The orc priest hits you but does no damage.
The orc hits you with a +0 short sword.
You barely miss the orc.
The orc is moderately wounded.
The orc priest calls down the wrath of Beogh upon you.
Beogh smites you!
You die...

##################
.................#
################o#############
############ #@o...........)
......(....# ###############
.#########<####### .#
#.......# .# #######.# .# #.#
.# #.# .# #.# ## #.#


You could see an orc priest and an orc.

Vanquished Creatures
  3 hounds (D:4)
  A sleepcap (D:4)
  2 iguanas (D:4)
  Ijyb (D:3)
  Natasha (thrice) (D:3)
  An orc wizard (D:4)
  A gnoll (D:2)
  5 adders
  2 dart slugs (D:2)
  2 orcs (D:4)
  6 endoplasms
  3 giant cockroaches (D:3)
  10 goblins
  3 hobgoblins
  3 kobolds
  4 quokkas
  6 ball pythons
  6 bats
  3 frilled lizards
  9 rats
74 creatures vanquished.

Vanquished Creatures (others)
  365 foxfires
365 creatures vanquished.

Grand Total: 439 creatures vanquished

Notes
Turn   | Place    | Note
-------+----------+-------------------------------------------
     0 | D:1      | Mune the Gargoyle Fire Elementalist began the quest for the
                  | Orb.
     0 | D:1      | Reached XP level 1. HP: 10/10 MP: 3/3
   633 | D:1      | Reached skill level 2 in Conjurations
   633 | D:1      | Reached XP level 2. HP: 15/15 MP: 1/5
   878 | D:1      | Found Coxepexo's Assorted Antiques.
  1591 | D:2      | Reached skill level 3 in Conjurations
  1652 | D:2      | Reached XP level 3. HP: 19/19 MP: 2/6
  2291 | D:2      | Reached skill level 4 in Conjurations
  2291 | D:2      | Reached XP level 4. HP: 24/24 MP: 1/7
  2755 | D:2      | Learned a level 2 spell: Scorch
  2760 | D:2      | Learned a level 4 spell: Flame Wave
  2764 | D:3      | Found a shadowy altar of Dithmenos.
  3203 | D:3      | Noticed Natasha
  3209 | D:3      | Killed Natasha
  3230 | D:3      | Reached skill level 5 in Conjurations
  3333 | D:3      | Found Homuhit's Antique Weapon Boutique.
  3339 | D:3      | Identified the +7 dagger of the Fulmar {pain, Fragile rElec
                  | Will++ Str+4}
  3381 | D:3      | Reached XP level 5. HP: 28/28 MP: 4/8
  3536 | D:3      | Noticed Ijyb
  3554 | D:3      | Killed Ijyb
  3645 | D:3      | Noticed Natasha
  3650 | D:3      | Killed Natasha
  3793 | D:3      | Noticed Natasha
  3800 | D:3      | Killed Natasha
  3801 | D:3      | Reached skill level 6 in Conjurations
  4117 | D:4      | Reached XP level 6. HP: 27/32 MP: 2/9
  4472 | D:4      | Reached skill level 7 in Conjurations
  4883 | D:4      | Found an iron altar of Okawaru.
  5191 | D:4      | Killed from afar by an orc priest

Illustrated notes

Levels and vault maps discovered:
D:1:      doesnt_arrival_eight_statues, layout_basic, serial_shops, shop
D:2:      minmay_chambers_of_twos, layout_loops_cross, serial_park_tiny_1,
          kennysheep_boxes
D:3:      layout_rooms, nicolae_dithmenos_the_darkroom, serial_shops, shop,
          uniq_ijyb, uniq_natasha
D:4:      wander_river, layout_loops_ring, amcnicky_altar_gilded

Skill      XL: |  1  2  3  4  5  6 |
---------------+-------------------+-----
Conjurations   | 2 3 4 5 6 7 |  7.6
Dodging        | |  1.5
Stealth        | |  2.2
Spellcasting   | |  2.0
Fire Magic     | |  3.0

Action                     |  1- 3 |  4- 6 || total
---------------------------+-------+-------++-------
  Melee: Unarmed           |     2 |       ||     2
         Dagger            |       |    35 ||    35
   Cast: Foxfire           |    81 |   153 ||   234
         Scorch            |       |     1 ||     1
 Armour: Robe              |    10 |     4 ||    14
         Steam dragon scal |       |    44 ||    44
  Dodge: Dodged            |     9 |    55 ||    64
